 Dungeon Crawl Stone Soup version 0.18.1-50-g88ac8fd (webtiles) character file.

392 lmnt the Skirmisher (level 7, -8/55 HPs)
             Began as a Human Berserker on Sept 30, 2016.
             Was a Priest of Trog.
             Killed by divine providence
             ... invoked by an orc priest
              (10 damage)
             ... on level 5 of the Dungeon.
             The game lasted 00:17:23 (4416 turns).

lmnt the Skirmisher (Human Berserker)               Turns: 4416, Time: 00:17:23

Health: -8/55      AC:  7    Str: 19    XL:     7   Next: 8%
Magic:  7/7        EV: 10    Int:  8    God:    Trog [***...]
Gold:   37         SH:  3    Dex: 12    Spells: 0 memorised, 6 levels left

rFire  . . .     SeeInvis .     u - +1 flail (holy)
rCold  . . .     Gourm    .     v - +0 scale mail
rNeg   . . .     Faith    .     r - +0 buckler
rPois  .         Spirit   .     (no helmet)
rElec  .         Dismiss  .     (no cloak)
rCorr  .         Reflect  .     (no gloves)
SustAt .         Harm     .     (no boots)
MR     .....                    (no amulet)
Stlth  ..........               (no ring)
                                (no ring)

@: exhausted, slowed, very slow, not resistant to hostile enchantments,
extremely unstealthy
A: no striking features
a: Berserk, Trog's Hand, Burn Spellbooks, Renounce Religion


You were on level 5 of the Dungeon.
You worshipped Trog.
Trog was most pleased with you.
You were hungry.

You visited 1 branch of the dungeon, and saw 4 of its levels.

You collected 149 gold pieces.
You spent 112 gold pieces at shops.

Inventory:

Hand Weapons
 a - a +0 short sword
 u - a +1 flail of holy wrath (weapon)
Armour
 b - a +0 animal skin
 d - a +0 ring mail
 r - a +0 buckler (worn)
 v - a +0 scale mail (worn)
Jewellery
 f - an uncursed ring of magical power {unknown}
Scrolls
 e - a scroll of remove curse
 g - 5 scrolls of enchant weapon
 l - 3 scrolls of enchant armour
 m - 3 scrolls of teleportation {unknown}
 o - 3 scrolls of identify
 s - a scroll of random uselessness {unknown}
 x - a scroll of amnesia {unknown}
Potions
 h - a potion of curing
 i - a potion of flight {unknown}
 p - a potion of degeneration {unknown}
 q - a potion of lignification {unknown}
 w - a potion of berserk rage {unknown}
Comestibles
 c - a beef jerky
 j - 3 bread rations
 k - 2 meat rations
 n - a royal jelly


   Skills:
 + Level 4.5 Fighting
 + Level 3.6 Short Blades
 + Level 0.4 Maces & Flails
 + Level 4.4 Armour
 + Level 3.6 Dodging
 + Level 0.2 Stealth
 + Level 1.0 Shields


You had 6 spell levels left.
You didn't know any spells.

Dungeon Overview and Level Annotations

Branches:
Dungeon (5/15)
 Temple: D:4-7

Altars:
Cheibriados
Xom
Zin

Shops:
D:4 (


Message History

There is a large open door here.
You sock the orc!
You kill the orc!
Trog accepts your kill.
You hit the orc priest but do no damage.
The orc priest hits you with a flail.
* * * LOW HITPOINT WARNING * * *
The orc priest hits you with a flail.
* * * LOW HITPOINT WARNING * * *
You thump the orc priest!
The orc priest is almost dead.
The orc priest invokes the aid of Beogh against you.
Beogh smites you!
* * * LOW HITPOINT WARNING * * *
The orc priest closely misses you.
You closely miss the orc priest.
The orc priest is almost dead.
The orc priest invokes the aid of Beogh against you.
Beogh smites you!
You die...

##≈≈≈≈≈≈≈≈≈≈##
##≈≈≈≈≈≈≈≈≈≈≈≈#
##≈≈≈≈≈≈≈≈≈≈≈≈≈≈
##≈≈≈≈≈≈≈≈≈≈≈≈≈≈≈
#≈≈≈≈≈≈≈≈≈≈≈≈≈≈≈≈
#≈≈≈≈≈≈≈≈≈≈≈≈≈≈≈≈
###≈≈≈≈≈≈≈♣..♣≈≈≈≈≈
#.'........♣♣......
#.@...)....♣♣......
#o#≈≈≈≈≈≈≈♣..♣≈≈≈≈≈
###.###)#≈≈≈≈≈≈≈≈≈≈≈≈≈≈≈≈
.......(#≈≈≈≈≈≈≈≈≈≈≈≈≈≈≈≈
....###.##≈≈≈≈≈≈≈≈≈≈≈≈≈≈≈
## #.###≈≈≈≈≈≈≈≈≈≈≈≈≈≈
#.# ##≈≈≈≈≈≈≈≈≈≈≈≈# #.#
##≈≈≈≈≈≈≈≈≈≈# ..#


You could see an orc priest.

Vanquished Creatures
  A big kobold (D:5)
  A giant frog (D:5)
  2 hounds
  2 orc wizards
  An orc priest (D:4)
  A gnoll (D:5)
  2 adders
  An adder zombie (D:5)
  An adder skeleton (D:4)
  A worm (D:4)
  3 dart slugs
  4 giant geckos
  3 orcs
  3 giant cockroaches
  5 goblins
  9 hobgoblins
  2 quokkas
  A ball python (D:4)
  8 bats
  A giant gecko skeleton (D:4)
  4 giant newts
  7 kobolds
  8 rats
71 creatures vanquished.

Notes
Turn   | Place    | Note
--------------------------------------------------------------
     0 | D:1      | lmnt the Human Berserker began the quest for the Orb.
     0 | D:1      | Reached XP level 1. HP: 18/18 MP: 1/1
   122 | D:1      | Reached XP level 2. HP: 22/24 MP: 2/2
   821 | D:1      | Reached XP level 3. HP: 28/29 MP: 3/3
   860 | D:1      | Reached ** piety under Trog
  1539 | D:2      | Found a shimmering altar of Xom.
  1574 | D:2      | Found a snail-covered altar of Cheibriados.
  1906 | D:2      | HP: 1/29 [adder (3)]
  1910 | D:2      | Reached XP level 4. HP: 3/35 MP: 4/4
  2490 | D:2      | You fall through a shaft for 2 floors!
  2551 | D:4      | Reached XP level 5. HP: 27/41 MP: 5/5
  2809 | D:4      | Found a glowing silver altar of Zin.
  2879 | D:4      | Found Agoyrutenni's Antique Weapon Shop.
  2889 | D:4      | Bought a runed flail for 112 gold pieces
  3930 | D:4      | Reached *** piety under Trog
  3944 | D:4      | Reached XP level 6. HP: 46/48 MP: 6/6
  4024 | D:5      | Entered Level 5 of the Dungeon
  4306 | D:5      | Reached skill level 1 in Shields
  4408 | D:5      | Reached XP level 7. HP: 28/55 MP: 7/7
  4415 | D:5      | HP: 2/55 [orc priest/divine providence (9)]
  4416 | D:5      | Killed from afar by an orc priest

Skill      XL: |  1  2  3  4  5  6 |
---------------+-------------------+-----
Armour         | 3 4 |  4.4
Dodging        | 3 |  3.6
Fighting       | 4 |  4.5
Shields        | 1 |  1.0
Short Blades   | |  3.6
Maces & Flails | |  0.4
Stealth        | |  0.2

Action                   |  1- 3 |  4- 6 |  7- 9 || total
-------------------------+-------+-------+-------++-------
Melee: Short sword       |   140 |    67 |       ||   207
       Flail             |       |    80 |     5 ||    85
Invok: Trog's Hand       |     2 |     1 |       ||     3
       Berserk           |     1 |     3 |       ||     4
  Use: Potion            |     2 |       |       ||     2
       Scroll            |     1 |     3 |       ||     4
  Eat: Chunk             |     3 |     6 |       ||     9
       Bread ration      |       |     1 |       ||     1
       Beef jerky        |       |     1 |       ||     1
Armor: Animal skin       |     2 |       |       ||     2
       Ring mail         |    65 |    24 |       ||    89
       Scale mail        |       |    39 |     1 ||    40
Dodge: Dodged            |   105 |    81 |     2 ||   188
Block: Buckler           |       |    16 |     1 ||    17
